 Dungeon Sprint DCSS version 0.28-a0-199-g298df9dbad (webtiles) character file.

Game seed: 11061150776543950684

68542855 MikeHunt the Heavyweight Champion (level 20, 204/204 HPs)
             Began as a Troll Hunter on Aug 19, 2021.
             Was an Initiate of Gozag.
             Escaped with the Orb
             ... and 10 runes!
             The game lasted 01:41:04 (9221 turns).

MikeHunt the Heavyweight Champion (Troll Hunter)    Turns: 9221, Time: 01:41:05

Health: 204/204    AC: 29    Str: 25    XL:     20   Next: 25%
Magic:  31/31      EV: 20    Int:  9    God:    Gozag
Gold:   4188       SH: 27    Dex: 14    Spells: 16/31 levels left

rFire   + + .      SeeInvis +     - Unarmed
rCold   + . .      Faith    .   K - +6 tower shield {AC+3}
rNeg    + + .      Spirit   .   f - quicksilver dragon scales
rPois   +          Reflect  .   S - +0 hat of Tezihugukk {rElec rPois Int+4}
rElec   +          Harm     .   X - +4 dragonskin cloak
rCorr   .          Rampage  .   (gloves unavailable)
Will    +++..      Clarity  +   (boots unavailable) Stlth +.........NoTele +
                                t - amulet "Zobyoc" {Fly rElec Regen+}
HPRegen 2.44/turn               s - ring "Ezyq" {Wiz rElec rN+ Slay+3}
MPRegen 0.22/turn               T - ring "Zineed" {rF+ rN+ Will+ AC+4 SInv}

@: flying, studying 2 skills
A: large, unfitting armour, claws 3, regeneration 1, shaggy fur 1, tough skin 1,
fangs 1, clarity, deformed body, deterioration 1, dopey 2, frail 2, high mp 1,
sense surroundings 1, poison resistance, devolution 2
0: Orb of Zot
}: 10/10 runes: decaying, barnacled, slimy, silver, golden, iron, obsidian, icy,
bone, demonic
a: Renounce Religion, Potion Petition, Call Merchant, Bribe Branch


You escaped.
You worshipped Gozag.
Gozag was most pleased with you.
You visited 1 branch You collected 41661 gold pieces.
You spent 10391 gold pieces at shops.
You paid 27082 gold pieces to Gozag.

Inventory:

Hand Weapons
 w - the +4 staff of Dispater
   (You took it off Dispater in the Dungeon)

   It can be evoked to hurl damnation at the cost of health and magic, with
   strength depending on Evocations skill.
Missiles
 b - 4 atropa-tipped darts
 d - a throwing net
 B - 4 silver javelins
 E - 5 large rocks (quivered)
 O - 3 large rocks of chaos
Armour
 f - quicksilver dragon scales (worn)
 K - a +6 tower shield of protection (worn)
 L - a +1 cloak of preservation
 S - the +0 hat of Tezihugukk (worn) {rElec rPois Int+4}
   (You acquired it in the Dungeon)

   Int:       It affects your intelligence (+4).
   rElec:     It insulates you from electricity.
   rPois:     It protects you from poison.
 X - the +4 dragonskin cloak (worn)
   (You took it off Tiamat in the Dungeon)

   It grants the wearer a chance to resist fire, cold, poison, electricity,
   acid, and negative energy.
Jewellery
 s - the ring "Ezyq" (left claw) {Wiz rElec rN+ Slay+3}
   (You bought it in a shop in the Dungeon)

   [ring of wizardry]

   It improves your spell success rate.
   Slay:      It affects your accuracy & damage with ranged weapons and melee
   (+3).
   rElec:     It insulates you from electricity.
   rN:        It protects you from negative energy.
 t - the amulet "Zobyoc" (around neck) {Fly rElec Regen+}
   (You bought it in a shop in the Dungeon)

   [amulet of regeneration]

   rElec:     It insulates you from electricity.
   Fly:       It grants you flight.
   Regen:     It increases your rate of health regeneration.
 x - the ring of Arrival {rF+ Int+6}
   (You took it off a deep elf master archer in the Dungeon)

   [ring of protection from fire]

   Int:       It affects your intelligence (+6).
   rF:        It protects you from fire.
 D - the ring of Creativity {Fire Dex+7}
   (You took it off a guardian mummy in the Dungeon)

   [ring of fire]

   It enhances your fire magic.
   Dex:       It affects your dexterity (+7).
   rF:        It protects you from fire.
   rC:        It makes you vulnerable to cold.
 R - the ring "Yminyaq" {rF+ Will+ Str+3 Dex+6}
   (You took it off a vault guard in the Dungeon)

   [ring of dexterity]

   Str:       It affects your strength (+3).
   Dex:       It affects your dexterity (+6).
   rF:        It protects you from fire.
   Will:      It increases your willpower.
 T - the ring "Zineed" (right claw) {rF+ rN+ Will+ AC+4 SInv}
   (You took it off a guardian mummy in the Dungeon)

   [ring of protection]

   AC:        It affects your AC (+4).
   rF:        It protects you from fire.
   rN:        It protects you from negative energy.
   SInv:      It lets you see invisible.
   Will:      It increases your willpower.
Wands
 j - a wand of digging (6)
 y - a wand of charming (9)
 z - a wand of mindburst (6)
 C - a wand of acid (4)
 N - a wand of paralysis (8)
 V - a wand of iceblast (8)
Scrolls
 c - a scroll of summoning
 i - 3 scrolls of fear
 l - a scroll of holy word
 o - a scroll of immolation
 p - a scroll of magic mapping
 v - a scroll of fog
 A - 13 scrolls of identify
 F - 2 scrolls of torment
 G - 5 scrolls of acquirement
Potions
 e - 18 potions of curing
 g - 4 potions of lignification
 h - 8 potions of magic
 k - a potion of might
 q - 4 potions of brilliance
 r - 4 potions of haste
 u - 4 potions of attraction
 H - 6 potions of resistance
 I - 9 potions of heal wounds
 J - 2 potions of invisibility
 Q - a potion of ambrosia
 Z - 4 potions of berserk rage
Miscellaneous
 a - a phantom mirror
 m - the horn of Geryon
 P - a condenser vane
 U - a box of beasts
 W - a phial of floods
 Y - a tin of tremorstones (2/2)


   Skills:
 O Level 27 Fighting
 - Level 17.4 Throwing
 + Level 23.5 Armour
 + Level 23.5 Dodging
 - Level 0.3 Stealth
 + Level 18.9 Shields
 O Level 27 Unarmed Combat
 - Level 6.4 Spellcasting
 - Level 10.0 Translocations
 - Level 14.0 Transmutations
 - Level 14.0 Earth Magic
 - Level 16.2 Evocations


You had 16 spell levels left.
You knew the following spells:

 Your Spells              Type           Power      Damage    Failure   Level
a - Statue Form           Tmut/Erth      18%        N/A       5%          6
c - Passage of Golubria   Tloc           N/A        N/A       1%          4
g - Blade Hands           Tmut           14%        N/A       1%          5

Your spell library contained the following spells:

 Spells                   Type           Power      Damage    Failure   Level
 Beastly Appendage        Tmut           56%        N/A       1%          1
 Sandblast                Erth           56%        2d13      1%          1
 Sting                    Tmut/Pois      60%        1d6       1%          1
 Passwall                 Tmut/Erth      23%        N/A       1%          2
 Wereblood                Tmut           28%        N/A       1%          2
 Spider Form              Tmut/Pois      7%         N/A       1%          3
 Stone Arrow              Conj/Erth      30%        3d8       1%          3
 Petrify                  Tmut/Erth      28%        N/A       1%          4
 Lee's Rapid Deconstruct  Erth           14%        3d10*     1%          5
 Ignite Poison            Fire/Tmut/Pois 11%        N/A       4%          3
 Portal Projectile        Hex/Tloc       22%        N/A       4%          3
 Animate Armour           Summ/Erth      30%        N/A       6%          4
 Animate Skeleton         Necr           4%         N/A       11%         1
 Pain                     Necr           8%         1d4       11%         1
 Shock                    Conj/Air       8%         1d3       11%         1
 Summon Small Mammal      Summ           8%         N/A       11%         1
 Call Imp                 Summ           2%         N/A       16%         2
 Ensorcelled Hibernation  Hex/Ice        4%         N/A       16%         2
 Static Discharge         Conj/Air       2%         N/A       16%         2
 Sublimation of Blood     Necr           1%         N/A       16%         2
 Yara's Violent Unravell  Hex/Tmut       7%         3d5       16%         5
 Dispersal                Tloc           10%        N/A       26%         6
 Dragon Form              Tmut           14%        N/A       26%         7
 Call Canine Familiar     Summ           2%         N/A       30%         3
 Conjure Flame            Conj/Fire      2%         6-21      30%         3
 Swiftness                Air            2%         N/A       30%         3
 Vampiric Draining        Necr           1%         2d6       30%         3
 Summon Forest            Summ/Tloc      5%         N/A       34%         5
 Bolt of Magma            Conj/Fire/Erth 5%         4d5       38%         5
 Airstrike                Air            1%         N/A       67%         4
 Cause Fear               Hex            1%         N/A       67%         4
 Sticky Flame             Conj/Fire      2%         2d3       67%         4
 Summon Lightning Spire   Summ/Air       2%         N/A       67%         4
 Excruciating Wounds      Necr           1%         N/A       94%         5
 Fireball                 Conj/Fire      1%         3d3       94%         5
 Iskenderun's Battlesphe  Conj           2%         2d6       94%         5
 Silence                  Hex/Air        1%         N/A       94%         5
 Summon Mana Viper        Hex/Summ       2%         N/A       94%         5
 Storm Form               Tmut/Air       7%         N/A       99%         7
 Conjure Ball Lightning   Conj/Air       1%         3x3d6     100%        6
 Shadow Creatures         Summ           N/A        N/A       100%        6
 Haunt                    Necr/Summ      1%         N/A       100%        7
 Orb of Destruction       Conj           1%         N/A       100%        7
 Summon Hydra             Summ           1%         N/A       100%        7
 Disjunction              Tloc           10%        N/A       100%        8
 Lehudib's Crystal Spear  Conj/Erth      7%         10d3      100%        8
 Maxwell's Capacitive Co  Air            1%         ∞         100%        8
 Necromutation            Tmut/Necr      7%         N/A       100%        8
 Chain Lightning          Conj/Air       1%         3d1       100%        9
 Dragon's Call            Summ           1%         N/A       100%        9
 Shatter                  Erth           14%        3d14*     100%        9


Dungeon Overview and Level Annotations

Branches:
Dungeon (1/1)

Altars:
Cheibriados
Dithmenos
Elyvilon
Fedhas
Gozag
Hepliaklqana
Kikubaaqudgha
Makhleb
Nemelex Xobeh
Okawaru
Qazlal
Ru
Sif Muna
Trog
Uskayaw
Vehumet
Wu Jian
Xom
Yredelemnul
Zin
The Shining One
Beogh
Jiyva
Lugonu

Shops:
D **!=?*[*[=?!=![!![=!?[[=(?[![:[*!::*![


Innate Abilities, Weirdness & Mutations

You are too large for most types of armour.
You have claws for hands.
Your natural rate of healing is unusually fast.
You are covered in fur. (AC +1)
You have tough skin. (AC +1)
You have very sharp teeth.
You possess an exceptional clarity of mind.
Armour fits poorly on your strangely shaped body.
Your body sometimes deteriorates upon taking damage.
You are very dopey. (Int -4)
You are very frail. (-20% HP)
You have an increased reservoir of magic. (+10% MP)
You passively map a small area around you.
Your system is resistant to poisons. (rPois)
You have terrible hidden genetic defects.


Message History

There is an open door, spattered with blood here.
You eviscerate the Hell Sentinel!!!
The Hell Sentinel is moderately wounded.
You block the Hell Sentinel's attack. The Hell Sentinel closely misses you.
You eviscerate the Hell Sentinel!!!
You bite the Hell Sentinel, but do no damage.
The Hell Sentinel is heavily wounded.
The Hell Sentinel gestures at you. The iron shot hits you!!
You eviscerate the Hell Sentinel!!! Your bite misses the Hell Sentinel.
The Hell Sentinel is almost dead.
You eviscerate the Hell Sentinel!!!
You kill the Hell Sentinel!
You now have 4188 gold pieces (gained 135).
(D) Dungeon
Where to? (Enter - D @ (x,y), ? - help)
Things that are here:
a +3 dire flail; a +0 giant spiked club
There is an open door, spattered with blood here.
There is a fountain of clear blue water here.
There is an open door to the Ecumenical Temple here.
Your magical contamination has completely faded away.
Your transformation is almost over.
(D) Dungeon
Where to? (Enter - D @ (x,y), ? - help)
Things that are here:
a +0 robe; a +0 dagger
Items here: )) [[.
You revert to your normal fleshy form.
Your quicksilver dragon scales unmelds from your body.
There is an open door here.
Things that are here:
a +0 robe; a +0 dagger
There is an open door, spattered with blood here.
Magic restored.
There is an open door here.
There is a staircase leading out of the dungeon here.
You can't go down here!
Unknown command.
You have escaped!

▓▓▓▓▓▓▓▓▓▓▓▓ ▓▓
▓@.#..'....♣ ♣.
▓.)#..#....♣♣ ♣.
▓#'####.....♣♣ ♣♣.
▓.....#....≈.♣♣♣..
▓.....#...≈≈♣♣....
▓.....#..≈≈≈≈.....
▓####'#..≈≈≈≈≈≈...
▓...[.#.≈≈≈≈≈≈....
▓.....#.≈≈≈≈≈.....


There were no monsters in sight!

Vanquished Creatures
  Antaeus (D)
  the Royal Jelly (D)
  Gloorx Vloq (D)
  Ereshkigal (D)
  the Serpent of Hell (D)
  A seraph (D)
  Tiamat (D)
  Dispater (D)
  An ancient lich (D)
  An orb of fire (D)
  Mennas (D)
  A pandemonium lord (D)
  8 royal mummies (D)
  Sojobo (D)
  A Killer Klown (D)
  Xtahua (D)
  Sigmund (D)
  A golden dragon (D)
  Geryon (D)
  Nikola (D)
  A Tzitzimitl (D)
  Nellie (D)
  An iron giant (D)
  A Brimstone Fiend (D)
  4 Hell Sentinels (D)
  Rupert (D)
  A lich (D)
  2 deep elf blademasters (D)
  4 Ice Fiends (D)
  2 Orb Guardians (D)
  A deep elf master archer (D)
  2 quicksilver dragons (D)
  2 titans (D)
  An Executioner (D)
  2 sphinxes (D)
  4 acid blobs (D)
  A kraken (D)
  Gastronok (D)
  Chuck (D)
  Roxanne (D)
  2 storm dragons (D)
  2 shadow dragons (D)
  5 rockslimes (D)
  2 fire giants (D)
  8 azure jellies (D)
  3 frost giants (D)
  2 draconian knights (D)
  2 draconian scorchers (D)
  3 ghost moths (D)
  An iron dragon (D)
  3 draconian stormcallers (D)
  A draconian shifter (D)
  An angel (D)
  4 war gargoyles (D)
  2 quicksilver oozes (D)
  2 corrupters (D)
  2 stone giants (D)
  2 dire elephants (D)
  A deep elf demonologist (D)
  Azrael (D)
  A yellow draconian (D)
  7 fire dragons (D)
  A deep elf death mage (D)
  5 mummy priests (D)
  2 hell beasts (D)
  3 hydras (D)
  5 yaktaur captains (D)
  A monstrous demonspawn (D)
  17 vault guards (D)
  Erolcha (D)
  An ogre mage (D)
  2 centaur warriors (D)
  4 death yaks (D)
  An alligator snapping turtle (shapeshifter) (D)
  4 alligator snapping turtles (D)
  2 iron elementals (D)
  3 orc high priests (D)
  2 soul eaters (D)
  A titan zombie (D)
  Urug (D)
  7 slime creatures (D)
  A sun demon (D)
  An iron golem (D)
  A sixfirhy (D)
  9 skeletal warriors (D)
  A death drake (D)
  A golden dragon zombie (D)
  An anaconda zombie (D)
  A glowing orange brain (D)
  2 obsidian statues (D)
  A spriggan druid (D)
  An orange crystal statue (D)
  3 kraken simulacra (D)
  A cherub (D)
  A lindwurm (D)
  3 deep elf pyromancers (D)
  5 shining eyes (D)
  2 orc knights (D)
  6 ugly things (D)
  3 deep elf zephyrmancers (D)
  4 crystal guardians (D)
  An orc sorcerer (D)
  A moth of wrath (D)
  2 black mambas (D)
  2 elephants (D)
  3 rust devils (D)
  2 orange demons (D)
  4 statues (D)
  An iron troll simulacrum (D)
  2 stone giant skeletons (D)
  2 cane toads (D)
  Edmund (D)
  9 yaktaurs (D)
  7 hellions (D)
  A komodo dragon (D)
  A rime drake (D)
  An ice devil (D)
  36 guardian mummies (D)
  A queen bee (D)
  4 spriggan defenders (D)
  2 tyrant leeches (D)
  3 hornets (D)
  8 blink frogs (D)
  A dream sheep (shapeshifter) (D)
  2 snapping turtles (D)
  3 wandering mushrooms (D)
  9 shadows (D)
  5 redbacks (D)
  2 spriggans (D)
  A golden eye (D)
  A spatial vortex (D)
  2 hell hounds (D)
  4 floating eyes (D)
  A swamp drake (D)
  A black bear (shapeshifter) (D)
  3 orc warriors (D)
  A necrophage (D)
  3 fire dragon simulacra (D)
  5 two-headed ogres (D)
  A water elemental (D)
  32 killer bees (D)
  An electric eel (D)
  15 quasits (D)
  A jelly (D)
  3 orc priests (D)
  Jessica (D)
  A wizard (D)
  A necromancer (D)
  An orc wizard (D)
  A polar bear simulacrum (D)
  3 humans (D)
  A kobold demonologist (D)
  A wolf (D)
  7 orcs (D)
  A bat (D)
  2 rats (D)
  3 butterflies (D)
  A plant (D)
  5 tentacles (D)
449 creatures vanquished.

Vanquished Creatures (collateral kills)
  A vampire knight (D)
  A sun demon (D)
  A slime creature (D)
  2 oklob plants (D)
  A statue (D)
6 creatures vanquished.

Vanquished Creatures (others)
  Mara (D)
  Boris (D)
  An ancient champion (D)
  A draconian knight (D)
  Nessos (D)
  A vampire knight (D)
  2 deep elf annihilators (D)
  A deep elf high priest (D)
  4 dancing weapons (D)
  A shadow wraith (D)
  4 statues (D)
  A deep elf zephyrmancer (D)
  A molten gargoyle (D)
  A slime creature (D)
  3 yaktaurs (D)
  An ice devil (D)
  An anaconda simulacrum (D)
  An iron troll simulacrum (D)
  2 electric eels (D)
  2 orc priests (D)
  6 ball lightnings (D)
  2 ballistomycete spores (D)
  A bush (D)
  3 fungi (D)
  49 plants (D)
  14 tentacles (D)
106 creatures vanquished.

Grand Total: 561 creatures vanquished

Notes
Turn   | Place    | Note
-------+----------+-------------------------------------------
     0 | D        | MikeHunt the Troll Hunter began the quest for the Orb.
     0 | D        | Reached XP level 1. HP: 19/19 MP: 0/0
     9 | D        | Reached skill level 1 in Unarmed Combat
    14 | D        | Noticed Jessica
    24 | D        | Killed Jessica
    25 | D        | Reached skill level 5 in Throwing
    25 | D        | Reached XP level 2. HP: 7/27 MP: 1/1
    48 | D        | Reached XP level 3. HP: 33/33 MP: 2/2
    91 | D        | Reached skill level 5 in Unarmed Combat
   105 | D        | Noticed a water elemental
   109 | D        | Killed a water elemental
   110 | D        | Reached XP level 4. HP: 34/41 MP: 3/3
   141 | D        | Reached XP level 5. HP: 49/49 MP: 4/4
   143 | D        | Noticed a shadow
   148 | D        | Killed a shadow
   149 | D        | Reached XP level 6. HP: 30/62 MP: 5/5
   176 | D        | Found a blossoming altar of Fedhas.
   176 | D        | Found a stormy altar of Qazlal.
   177 | D        | Found a snail-covered altar of Cheibriados.
   177 | D        | Found a burning altar of Makhleb.
   177 | D        | Found a hazy altar of Hepliaklqana.
   177 | D        | Found a shimmering altar of Xom.
   177 | D        | Found an opulent altar of Gozag.
   177 | D        | Found a sparkling altar of Nemelex Xobeh.
   177 | D        | Found a corrupted altar of Lugonu.
   177 | D        | Found a viscous altar of Jiyva.
   177 | D        | Noticed a spatial vortex
   181 | D        | Became a worshipper of Gozag Ym Sagoz the Greedy
   187 | D        | Killed a spatial vortex
   207 | D        | Noticed a two-headed ogre
   207 | D        | Noticed a two-headed ogre
   222 | D        | Killed a two-headed ogre
   223 | D        | Reached skill level 5 in Fighting
   223 | D        | Reached skill level 5 in Dodging
   228 | D        | Killed a two-headed ogre
   229 | D        | Reached XP level 7. HP: 72/72 MP: 6/6
   243 | D        | Noticed a two-headed ogre
   248 | D        | Killed a two-headed ogre
   274 | D        | Noticed Erolcha
   280 | D        | Reached skill level 10 in Unarmed Combat
   295 | D        | Killed Erolcha
   296 | D        | Reached XP level 8. HP: 83/83 MP: 7/7
   327 | D        | Noticed a two-headed ogre
   355 | D        | Found a shadowy altar of Dithmenos.
   361 | D        | Found a basalt altar of Yredelemnul.
   361 | D        | Found a sacrificial altar of Ru.
   390 | D        | Found a radiant altar of Vehumet.
   391 | D        | Found a shimmering blue altar of Sif Muna.
   391 | D        | Found an ancient bone altar of Kikubaaqudgha.
   410 | D        | Found a glowing silver altar of Zin.
   411 | D        | Found a glowing golden altar of the Shining One.
   411 | D        | Found a white marble altar of Elyvilon.
   411 | D        | Noticed a deep elf pyromancer
   415 | D        | Killed a deep elf pyromancer
   416 | D        | Reached XP level 9. HP: 85/92 MP: 8/8
   423 | D        | Found a hide-covered altar of Uskayaw.
   423 | D        | Found an iron altar of Okawaru.
   423 | D        | Found a bloodstained altar of Trog.
   423 | D        | Found an ornate altar of the Wu Jian Council.
   459 | D        | Found Meopett's Distillery.
   459 | D        | Noticed an orc sorcerer
   459 | D        | Noticed an orc high priest
   477 | D        | Noticed an orange demon
   480 | D        | Noticed a sun demon
   505 | D        | Noticed a red devil
   518 | D        | Killed an orc sorcerer
   549 | D        | Noticed an orc knight
   560 | D        | Killed an orc knight
   579 | D        | Noticed a smoke demon
   579 | D        | Noticed a hellwing
   579 | D        | Killed an orc high priest
   580 | D        | Reached skill level 1 in Armour
   580 | D        | Reached XP level 10. HP: 86/105 MP: 9/9
   626 | D        | Noticed an orc high priest
   628 | D        | Reached skill level 5 in Evocations
   634 | D        | Noticed a sun demon
   640 | D        | Killed an orc high priest
   724 | D        | Bought 2 potions of curing for 126 gold pieces
   724 | D        | Bought a potion of curing for 63 gold pieces
   724 | D        | Bought quicksilver dragon scales for 1260 gold pieces
   743 | D        | Gained mutation: You have hidden genetic potential. [potion
                  | of mutation]
   743 | D        | Gained mutation: You are covered in thick fur. (AC +2)
                  | [potion of mutation]
   743 | D        | Gained mutation: You passively dampen the noise of your
                  | surroundings. [potion of mutation]
   788 | D        | Bought a potion of lignification for 33 gold pieces
   788 | D        | Bought a potion of lignification for 33 gold pieces
   788 | D        | Bought a potion of invisibility for 88 gold pieces
   788 | D        | Bought a potion of brilliance for 44 gold pieces
   788 | D        | Bought a potion of haste for 110 gold pieces
   788 | D        | Bought a potion of haste for 110 gold pieces
   803 | D        | Bought the ring "Ezyq" {Wiz rElec rN+ Slay+3} for 851 gold
                  | pieces
   803 | D        | Bought the amulet "Zobyoc" {Fly rElec Regen+} for 645 gold
                  | pieces
   915 | D        | Noticed a cane toad
   915 | D        | Noticed a cane toad
   919 | D        | Killed a cane toad
   933 | D        | Killed a cane toad
   959 | D        | Reached skill level 5 in Armour
  1046 | D        | Reached XP level 11. HP: 117/117 MP: 10/10
  1090 | D        | Reached skill level 10 in Fighting
  1098 | D        | Noticed a lindwurm
  1104 | D        | Killed a lindwurm
  1152 | D        | Noticed Sigmund
  1152 | D        | Noticed Edmund
  1170 | D        | Killed Sigmund
  1171 | D        | Reached skill level 15 in Unarmed Combat
  1180 | D        | Killed Edmund
  1200 | D        | Bought a scroll of acquirement for 832 gold pieces
  1201 | D        | Acquired 986 gold pieces
  1204 | D        | Bought a scroll of fear for 56 gold pieces
  1204 | D        | Bought a scroll of enchant armour for 120 gold pieces
  1204 | D        | Bought a scroll of enchant weapon for 120 gold pieces
  1204 | D        | Bought a scroll of fog for 32 gold pieces
  1204 | D        | Bought a scroll of fear for 56 gold pieces
  1325 | D        | Reached skill level 10 in Dodging
  1336 | D        | Noticed a dire elephant
  1361 | D        | Noticed a dire elephant
  1385 | D        | Killed a dire elephant
  1439 | D        | Killed a dire elephant
  1440 | D        | Reached XP level 12. HP: 124/130 MP: 11/11
  1442 | D        | Noticed Gastronok
  1458 | D        | Killed Gastronok
  1483 | D        | Noticed an azure jelly
  1484 | D        | Noticed an azure jelly
  1484 | D        | Noticed an azure jelly
  1486 | D        | Noticed an azure jelly
  1534 | D        | Bought a +4 ring of protection for 396 gold pieces
  1659 | D        | Bought the ring "Wyasamp" {rElec rPois rC+ MP+9 Str-5} for
                  | 381 gold pieces
  1660 | D        | Bought a scroll of identify for 32 gold pieces
  1660 | D        | Bought a scroll of identify for 32 gold pieces
  1783 | D        | Noticed Urug
  1787 | D        | Killed Urug
  1799 | D        | Noticed a four-headed hydra
  1799 | D        | Noticed a six-headed hydra
  1809 | D        | Killed a four-headed hydra
  1815 | D        | Killed a seven-headed hydra
  1816 | D        | Reached skill level 10 in Armour
  1885 | D        | Found a blossoming altar of Fedhas.
  2008 | D        | Got the Incunabulum of Creative Moulding
  2013 | D        | Got the Disquisition on Transmigration
  2089 | D        | Noticed Rupert
  2094 | D        | Killed Rupert
  2105 | D        | Noticed a death yak
  2105 | D        | Noticed a death yak
  2106 | D        | Noticed a death yak
  2109 | D        | Noticed a death yak
  2111 | D        | Killed a death yak
  2117 | D        | Killed a death yak
  2125 | D        | Killed a death yak
  2126 | D        | Reached XP level 13. HP: 84/144 MP: 12/12
  2228 | D        | Noticed a fire dragon
  2238 | D        | Noticed a fire dragon
  2254 | D        | Killed a fire dragon
  2270 | D        | Noticed a fire dragon
  2284 | D        | Killed a fire dragon
  2289 | D        | Noticed a fire dragon
  2309 | D        | Killed a fire dragon
  2338 | D        | Found Jaxosim's Jewellery Shoppe.
  2338 | D        | Found Nilat's Magic Scroll Boutique.
  2338 | D        | Found Uxe Giogg's Antique Armour Emporium.
  2347 | D        | Noticed a fire dragon
  2356 | D        | Killed a fire dragon
  2363 | D        | Killed a fire dragon
  2551 | D        | Noticed a deep elf annihilator
  2594 | D        | Killed a deep elf annihilator
  2596 | D        | Killed a deep elf annihilator
  2637 | D        | Noticed Azrael
  2645 | D        | Killed Azrael
  2649 | D        | Acquired a manual of Fighting
  2707 | D        | Reached skill level 15 in Fighting
  2838 | D        | Found Vanyigo's Distillery.
  2838 | D        | Found Hatoruc's Book Shop.
  2838 | D        | Found Detigh's Book Shoppe.
  2838 | D        | Found Toechir's Antique Armour Boutique.
  2838 | D        | Found Yptu's Armour Emporium.
  2838 | D        | Found Tyxo's Distillery.
  2838 | D        | Found Jofaur's General Store.
  2839 | D        | Found Uleegutepn's Magic Scroll Boutique.
  2839 | D        | Found Wiegon's Antique Weapon Shoppe.
  2839 | D        | Found Zeisuch's Jewellery Shop.
  2839 | D        | Found Caitallo's Antique Armour Emporium.
  2858 | D        | Bought a scroll of blinking for 97 gold pieces
  2858 | D        | Bought a scroll of vulnerability for 97 gold pieces
  2859 | D        | Bought a potion of degeneration for 10 gold pieces
  2862 | D        | Bought a potion of resistance for 100 gold pieces
  2862 | D        | Bought a potion of heal wounds for 50 gold pieces
  2862 | D        | Bought 2 potions of curing for 60 gold pieces
  2867 | D        | Bought 2 potions of invisibility for 160 gold pieces
  2867 | D        | Bought a potion of heal wounds for 50 gold pieces
  2867 | D        | Bought a potion of magic for 80 gold pieces
  2884 | D        | Bought a shiny tower shield for 195 gold pieces
  2891 | D        | Bought a runed cloak for 195 gold pieces
  2986 | D        | Reached skill level 5 in Shields
  3044 | D        | Noticed Mara
  3047 | D        | Noticed a vampire knight
  3047 | D        | Noticed a vampire knight
  3057 | D        | Killed a vampire knight
  3062 | D        | Noticed an ancient champion
  3100 | D        | Your ally died
  3126 | D        | Noticed a storm dragon
  3127 | D        | Noticed Nikola
  3136 | D        | Killed a storm dragon
  3151 | D        | Noticed a mummy priest
  3161 | D        | Found Ryhupe Vieh's Distillery.
  3177 | D        | Found Beoham's Armour Shoppe.
  3177 | D        | Found Wycryum's Distillery.
  3177 | D        | Found Baezyrphise's Armour Emporium.
  3185 | D        | Bought a potion of haste for 100 gold pieces
  3185 | D        | Bought a potion of haste for 100 gold pieces
  3187 | D        | Bought a potion of attraction for 39 gold pieces
  3188 | D        | Identified Roxanne's Grimoire of Transmigration
  3188 | D        | Noticed Roxanne
  3267 | D        | Killed Nikola
  3268 | D        | Reached skill level 10 in Shields
  3268 | D        | Reached XP level 14. HP: 128/159 MP: 13/13
  3386 | D        | Noticed Boris
  3394 | D        | Killed Roxanne
  3412 | D        | Killed Boris
  3413 | D        | Found Eheeda Ubiv's Distillery.
  3532 | D        | Killed a vampire knight
  3553 | D        | Bought an embroidered cloak for 195 gold pieces
  3553 | D        | Bought a glowing scarf for 208 gold pieces
  3691 | D        | Learned a level 6 spell: Statue Form
  3736 | D        | Reached skill level 15 in Shields
  3736 | D        | Reached skill level 1 in Earth Magic
  3742 | D        | Reached skill level 1 in Transmutations
  3750 | D        | Reached skill level 1 in Spellcasting
  3762 | D        | Identified the +4 war axe of Change {vorpal, *Slow Str+4}
  3863 | D        | Noticed Chuck
  3873 | D        | Killed Chuck
  3874 | D        | Reached skill level 5 in Earth Magic
  3893 | D        | Noticed Sojobo
  3900 | D        | Paralysed by an air elemental for 1 turns
  3906 | D        | Paralysed by an air elemental for 1 turns
  3911 | D        | Paralysed by an air elemental for 1 turns
  3953 | D        | Killed Sojobo
  3954 | D        | Reached skill level 5 in Transmutations
  4040 | D        | Noticed a lich
  4048 | D        | Killed a lich
  4084 | D        | Noticed a shadow dragon
  4085 | D        | Noticed a shadow dragon
  4106 | D        | Killed a shadow dragon
  4134 | D        | Killed a shadow dragon
  4135 | D        | Reached XP level 15. HP: 159/171 MP: 20/20
  4169 | D        | Killed Nessos
  4211 | D        | Noticed a titan
  4282 | D        | Killed a titan
  4328 | D        | Identified the ring "Yminyaq" {rF+ Will+ Str+3 Dex+6}
  4347 | D        | Noticed a frost giant
  4355 | D        | Killed a frost giant
  4356 | D        | Reached skill level 10 in Earth Magic
  4368 | D        | Noticed a fire giant
  4379 | D        | Killed a fire giant
  4380 | D        | Reached skill level 5 in Spellcasting
  4391 | D        | Noticed a golden dragon
  4391 | D        | Noticed a frost giant
  4391 | D        | Noticed a quicksilver dragon
  4391 | D        | Noticed a shadow dragon
  4391 | D        | Noticed a quicksilver dragon
  4391 | D        | Noticed a titan
  4449 | D        | Killed a quicksilver dragon
  4477 | D        | Acquired the +0 hat of Tezihugukk {rElec rPois Int+4}
  4509 | D        | Noticed a juggernaut
  4510 | D        | Noticed a golden dragon
  4510 | D        | a juggernaut changed into a golden dragon
  4516 | D        | Noticed an acid blob
  4516 | D        | a golden dragon changed into an acid blob
  4517 | D        | Noticed an iron dragon
  4517 | D        | an acid blob changed into an iron dragon
  4522 | D        | Noticed an acid blob
  4522 | D        | an iron dragon changed into an acid blob
  4523 | D        | an acid blob changed into an alligator snapping turtle
  4530 | D        | Reached skill level 10 in Transmutations
  4550 | D        | Killed a golden dragon
  4642 | D        | Killed a quicksilver dragon
  4668 | D        | Killed a frost giant
  4706 | D        | Killed a titan
  4744 | D        | Got Sif Muna's Collected Works on Calling
  4746 | D        | Identified the +3 mace "Ideros" {vorpal, Contam rElec rC+
                  | Str+3 Dex+3}
  4758 | D        | Learned a level 5 spell: Blade Hands
  4763 | D        | Learned a level 4 spell: Passage of Golubria
  4770 | D        | Got a silver rune of Zot
  4773 | D        | Identified the +2 helmet of Eternity {rElec Int+4}
  4893 | D        | Noticed an ancient lich
  5030 | D        | Bought a potion of magic for 96 gold pieces
  5030 | D        | Bought a potion of might for 48 gold pieces
  5030 | D        | Bought a potion of heal wounds for 60 gold pieces
  5030 | D        | Bought 2 potions of resistance for 240 gold pieces
  5030 | D        | Bought a potion of might for 48 gold pieces
  5030 | D        | Bought a potion of berserk rage for 60 gold pieces
  5078 | D        | Noticed a kraken
  5111 | D        | Killed a kraken
  5139 | D        | Found Ygibozi's Jewellery Boutique.
  5139 | D        | Found Dotorch's Magic Scroll Shop.
  5139 | D        | Found Tuemod's Antique Armour Emporium.
  5208 | D        | Reached XP level 16. HP: 184/184 MP: 24/24
  5221 | D        | Got a barnacled rune of Zot
  5223 | D        | Bought a scroll of fear for 35 gold pieces
  5223 | D        | Bought a scroll of summoning for 95 gold pieces
  5237 | D        | Killed an ancient champion
  5332 | D        | Noticed Xtahua
  5357 | D        | Killed Xtahua
  5364 | D        | Got a decaying rune of Zot
  5484 | D        | Identified the +10 great sword "Enical" {spect, Will+
                  | Int+6}
  5489 | D        | Identified the +8 plate armour of Tots {Dex+4}
  5489 | D        | Identified the ring of Arrival {rF+ Int+6}
  5489 | D        | Noticed a deep elf master archer
  5500 | D        | Killed a deep elf master archer
  5512 | D        | Identified the ring "Cioboamp" {rPois rN++ Dex+7}
  5516 | D        | Identified the +7 dagger "Iwajili" {vorpal, rC+ rN+}
  5672 | D        | Noticed an acid blob
  5677 | D        | Killed an acid blob
  5681 | D        | Gained mutation: Armour fits poorly on your strangely
                  | shaped body. [a shining eye]
  5688 | D        | Gained mutation: You are dopey. (Int -2) [a shining eye]
  5723 | D        | Reached skill level 15 in Dodging
  5791 | D        | Found a viscous altar of Jiyva.
  5791 | D        | Noticed the Royal Jelly
  5810 | D        | Noticed an acid blob
  5810 | D        | Noticed an acid blob
  5811 | D        | Killed the Royal Jelly
  5812 | D        | Reached skill level 15 in Armour
  5812 | D        | Reached skill level 10 in Evocations
  5813 | D        | Noticed an acid blob
  5822 | D        | Killed an acid blob
  5829 | D        | Killed an acid blob
  5830 | D        | Killed an acid blob
  5882 | D        | Gained mutation: You are very dopey. (Int -4) [a shining
                  | eye]
  5910 | D        | Got a slimy rune of Zot
  5914 | D        | Identified the +2 scale mail of Dogmatism {rPois MP+9
                  | Slay+2}
  5943 | D        | Lost mutation: You have hidden genetic potential. [potion
                  | of mutation]
  5943 | D        | Lost mutation: You are covered in thick fur. (AC +2)
                  | [potion of mutation]
  5943 | D        | Lost mutation: You are very dopey. (Int -4) [potion of
                  | mutation]
  5943 | D        | Gained mutation: Your spells are a little harder to cast,
                  | but a little more powerful. [potion of mutation]
  5944 | D        | Lost mutation: Your spells are a little harder to cast, but
                  | a little more powerful. [potion of mutation]
  5944 | D        | Gained mutation: You have sharp toenails. [potion of
                  | mutation]
  5944 | D        | Gained mutation: You have hidden genetic potential. [potion
                  | of mutation]
  5944 | D        | Gained mutation: You are partially covered in iridescent
                  | scales. (AC +2) [potion of mutation]
  5945 | D        | Lost mutation: You are partially covered in iridescent
                  | scales. (AC +2) [potion of mutation]
  5945 | D        | Lost mutation: You passively dampen the noise of your
                  | surroundings. [potion of mutation]
  5945 | D        | Lost mutation: Armour fits poorly on your strangely shaped
                  | body. [potion of mutation]
  5945 | D        | Gained mutation: You passively map a small area around you.
                  | [potion of mutation]
  5945 | D        | Gained mutation: You have a pair of small horns on your
                  | head. [potion of mutation]
  6001 | D        | Noticed Nellie
  6021 | D        | Killed Nellie
  6033 | D        | Got a demonic rune of Zot
  6122 | D        | Noticed a deep elf blademaster
  6135 | D        | Killed a deep elf blademaster
  6148 | D        | Noticed a deep elf blademaster
  6151 | D        | Bought a potion of haste for 100 gold pieces
  6151 | D        | Bought a potion of magic for 80 gold pieces
  6151 | D        | Bought a potion of haste for 100 gold pieces
  6151 | D        | Bought a potion of curing for 30 gold pieces
  6151 | D        | Bought a potion of haste for 100 gold pieces
  6151 | D        | Bought 2 potions of berserk rage for 100 gold pieces
  6151 | D        | Bought 2 potions of curing for 60 gold pieces
  6151 | D        | Bought a potion of heal wounds for 50 gold pieces
  6151 | D        | Bought a potion of brilliance for 40 gold pieces
  6160 | D        | Killed a deep elf blademaster
  6254 | D        | Noticed Mennas
  6291 | D        | Killed Mennas
  6312 | D        | Reached XP level 17. HP: 175/201 MP: 25/25
  6400 | D        | Bought a potion of curing for 90 gold pieces
  6400 | D        | Bought a lead wand for 120 gold pieces
  6417 | D        | Paralysed by a floating eye for 4 turns
  6423 | D        | Gained mutation: You sometimes lose the ability to read
                  | scrolls when taking damage. [a shining eye]
  6519 | D        | Noticed Geryon
  6715 | D        | Killed Geryon
  6792 | D        | Noticed a royal mummy
  6798 | D        | Killed a royal mummy
  6821 | D        | Noticed Gloorx Vloq
  6823 | D        | Noticed a royal mummy
  6831 | D        | Killed Gloorx Vloq
  6832 | D        | Reached skill level 15 in Evocations
  6841 | D        | Noticed a royal mummy
  6853 | D        | Killed a royal mummy
  6858 | D        | Killed a royal mummy
  6937 | D        | Noticed a royal mummy
  6942 | D        | Killed a royal mummy
  7028 | D        | Noticed Ereshkigal
  7028 | D        | Noticed a royal mummy
  7029 | D        | Noticed a royal mummy
  7054 | D        | Killed Ereshkigal
  7055 | D        | Reached XP level 18. HP: 216/218 MP: 7/26
  7077 | D        | Killed a royal mummy
  7080 | D        | Killed a royal mummy
  7102 | D        | Got a bone rune of Zot
  7170 | D        | Noticed the Serpent of Hell
  7170 | D        | Noticed a Brimstone Fiend
  7188 | D        | Killed the Serpent of Hell
  7191 | D        | Killed a Brimstone Fiend
  7347 | D        | Bought a potion of haste for 110 gold pieces
  7380 | D        | Identified the +3 lajatang "Pendulum" {vorpal, +Blink rCorr
                  | Str+2 Int-4}
  7396 | D        | Got an obsidian rune of Zot
  7411 | D        | Identified the +7 hunting sling of Fedhas's Supremacy
                  | {venom, rF+}
  7412 | D        | Got Tius's Reference Book on Combat Magic
  7413 | D        | Identified the +1 robe of the Teacher {rF+}
  7442 | D        | Bought a potion of might for 60 gold pieces
  7442 | D        | Bought a potion of resistance for 150 gold pieces
  7442 | D        | Bought a potion of haste for 150 gold pieces
  7442 | D        | Bought a potion of might for 60 gold pieces
  7442 | D        | Bought a potion of heal wounds for 75 gold pieces
  7442 | D        | Bought 2 potions of curing for 90 gold pieces
  7442 | D        | Bought a potion of brilliance for 60 gold pieces
  7442 | D        | Bought a potion of ambrosia for 120 gold pieces
  7459 | D        | Noticed an Ice Fiend
  7462 | D        | Killed an Ice Fiend
  7485 | D        | Noticed an Ice Fiend
  7489 | D        | Killed an Ice Fiend
  7500 | D        | Noticed an Ice Fiend
  7502 | D        | Killed an Ice Fiend
  7514 | D        | Noticed Antaeus
  7530 | D        | Killed Antaeus
  7531 | D        | Reached skill level 15 in Throwing
  7531 | D        | Reached skill level 27 in Unarmed Combat
  7537 | D        | Got an icy rune of Zot
  7546 | D        | Noticed an Ice Fiend
  7550 | D        | Killed an Ice Fiend
  7568 | D        | Noticed an iron giant
  7574 | D        | Killed an iron giant
  7633 | D        | Found the +2 shield of Resistance {rF++ rC++ Will++}
  7633 | D        | Noticed a Hell Sentinel
  7640 | D        | Killed a Hell Sentinel
  7650 | D        | Identified the +3 hat of Card Tricks {Str+3 Int+3}
  7680 | D        | Noticed a Hell Sentinel
  7680 | D        | Noticed a Hell Sentinel
  7680 | D        | Found the +4 staff of Dispater
  7680 | D        | Noticed Dispater
  7685 | D        | Noticed a Hell Sentinel
  7685 | D        | Killed a Hell Sentinel
  7686 | D        | Reached XP level 19. HP: 239/239 MP: 21/27
  7693 | D        | Killed Dispater
  7709 | D        | Identified the +0 chain mail of Ofrutywa {Regen+}
  7711 | D        | Got an iron rune of Zot
  7988 | D        | Bought a potion of haste for 130 gold pieces
  7988 | D        | Bought a potion of haste for 130 gold pieces
  7988 | D        | Bought a potion of resistance for 130 gold pieces
  8124 | D        | Gained mutation: Your spells are a little easier to cast,
                  | but a little less powerful. [mutagenic glow]
  8132 | D        | Gained mutation: Your body sometimes deteriorates upon
                  | taking damage. [mutagenic glow]
  8142 | D        | Gained mutation: Armour fits poorly on your strangely
                  | shaped body. [mutagenic glow]
  8158 | D        | Gained mutation: Your spells are easier to cast, but less
                  | powerful. [mutagenic glow]
  8181 | D        | Gained mutation: Your body often deteriorates upon taking
                  | damage. [mutagenic glow]
  8193 | D        | Noticed a royal mummy
  8207 | D        | Killed a royal mummy
  8228 | D        | Identified the ring "Zineed" {rF+ rN+ Will+ AC+4 SInv}
  8232 | D        | Identified the ring of Creativity {Fire Dex+7}
  8232 | D        | Noticed a royal mummy
  8243 | D        | Killed a royal mummy
  8279 | D        | Got a golden rune of Zot
  8288 | D        | Identified the +0 helmet of Delightful Wonder {rElec rC+
                  | Int+2}
  8414 | D        | Bought a potion of mutation for 80 gold pieces
  8442 | D        | Bought a potion of mutation for 104 gold pieces
  8442 | D        | Bought a potion of heal wounds for 65 gold pieces
  8442 | D        | Bought a potion of magic for 104 gold pieces
  8442 | D        | Bought a potion of berserk rage for 65 gold pieces
  8487 | D        | Noticed a Killer Klown
  8501 | D        | Killed a Killer Klown
  8512 | D        | Noticed a Tzitzimitl
  8518 | D        | Killed a Tzitzimitl
  8595 | D        | Noticed an ancient lich
  8608 | D        | Killed an ancient lich
  8609 | D        | Reached skill level 5 in Translocations
  8656 | D        | Found the +4 dragonskin cloak
  8656 | D        | Noticed Tiamat
  8670 | D        | Killed Tiamat
  8758 | D        | Noticed an orb of fire
  8764 | D        | Killed an orb of fire
  8769 | D        | Gained mutation: You are frail. (-10% HP) [a zot statue]
  8777 | D        | Lost mutation: You have a pair of small horns on your head.
                  | [mutagenic glow]
  8793 | D        | Lost mutation: You have hidden genetic potential.
                  | [mutagenic glow]
  8806 | D        | Gained mutation: You are very dopey. (Int -4) [mutagenic
                  | glow]
  8910 | D        | Got the Orb of Zot
  8939 | D        | Lost mutation: Your spells are easier to cast, but less
                  | powerful. [potion of mutation]
  8939 | D        | Lost mutation: You have sharp toenails. [potion of
                  | mutation]
  8939 | D        | Gained mutation: You possess an exceptional clarity of
                  | mind. [potion of mutation]
  8939 | D        | Gained mutation: Your system is resistant to poisons.
                  | (rPois) [potion of mutation]
  8940 | D        | Lost mutation: You sometimes lose the ability to read
                  | scrolls when taking damage. [potion of mutation]
  8940 | D        | Lost mutation: You are frail. (-10% HP) [potion of
                  | mutation]
  8940 | D        | Gained mutation: You have hidden genetic defects. [potion
                  | of mutation]
  8940 | D        | Lost mutation: Your spells are a little easier to cast, but
                  | a little less powerful. [potion of mutation]
  8940 | D        | Gained mutation: You have an increased reservoir of magic.
                  | (+10% MP) [potion of mutation]
  8941 | D        | Lost mutation: Armour fits poorly on your strangely shaped
                  | body. [potion of mutation]
  8941 | D        | Lost mutation: Your body often deteriorates upon taking
                  | damage. [potion of mutation]
  8941 | D        | Gained mutation: You have very sharp teeth. [potion of
                  | mutation]
  8941 | D        | Gained mutation: You are frail. (-10% HP) [potion of
                  | mutation]
  8948 | D        | Noticed Lossast the pandemonium lord
  8952 | D        | Gained mutation: You have terrible hidden genetic defects.
                  | [hidden defects]
  8969 | D        | Killed Lossast the pandemonium lord
  8970 | D        | Reached skill level 27 in Fighting
  8970 | D        | Reached XP level 20. HP: 202/230 MP: 24/31
  8971 | D        | Gained mutation: You are very frail. (-20% HP) [mutagenic
                  | glow]
  8973 | D        | Noticed a seraph
  8976 | D        | Gained mutation: Armour fits poorly on your strangely
                  | shaped body. [mutagenic glow]
  8982 | D        | Killed a seraph
  8983 | D        | Reached skill level 10 in Translocations
  9221 | D        | Escaped with the Orb!

Illustrated notes

Levels and vault maps discovered:
D:        dungeon_sprint_mu [sprint_mu_entry_forest, sprint_mu_temple_rooms,
          sprint_mu_d1_spiders, sprint_mu_d2_genie, sprint_mu_d3_branching,
          sprint_mu_orc_legion, sprint_mu_elf_gauntlet, sprint_mu_hive_nellie,
          sprint_mu_lair_fedhas, sprint_mu_vaults_butterflies,
          sprint_mu_slime_circle, sprint_mu_swamp_cave, sprint_mu_shoals_kraken,
          sprint_mu_blade_basic, sprint_mu_crypt_lich, sprint_mu_tomb_spiral,
          sprint_mu_vestibule_basic, sprint_mu_gehenna_hellfire,
          sprint_mu_dis_giant, sprint_mu_tartarus_statrot,
          sprint_mu_cocytus_islands, sprint_mu_zot1]

Skill      XL: |  1  2  3  4  5  6  7  8  9 10 11 12 13 14 15 16 17 18 19 20 |
---------------+-------------------------------------------------------------+-----
Unarmed Combat | 3 4 6 8 9 11 12 13 14 15 17 21 22 24 27 | 27.0
Throwing       | 5 7 8 9 11 12 16 17 | 17.4
Fighting       | 2 3 5 6 8 9 11 13 15 16 17 20 22 25 27 | 27.0
Dodging        | 2 3 5 6 8 10 12 14 17 20 22 23 | 23.5
Evocations     | 2 4 6 7 9 12 15 16 | 16.2
Armour         | 1 5 8 11 13 16 20 22 23 | 23.5
Shields        | 10 15 17 18 | 18.9
Earth Magic    | 9 12 14 | 14.0
Transmutations | 7 10 14 | 14.0
Spellcasting   | 4 6 |  6.4
Translocations | 9 10 | 10.0
Stealth        | |  0.3

Action                   |  1- 3 |  4- 6 |  7- 9 | 10-12 | 13-15 | 16-18 | 19-21 || total
-------------------------+-------+-------+-------+-------+-------+-------+-------++-------
Melee: Unarmed           |    11 |    10 |    52 |   282 |   838 |   468 |   178 ||  1839
       Punch             |       |       |     5 |    31 |    12 |       |       ||    48
       Kick              |       |       |       |       |       |   185 |    52 ||   237
       Headbutt          |       |       |       |       |       |   116 |    33 ||   149
       Bite              |       |       |       |       |       |       |     5 ||     5
Throw: Large rock        |    13 |    11 |    12 |    16 |     5 |    10 |    13 ||    80
       Throwing net      |     2 |       |     1 |     4 |       |       |       ||     7
       Javelin           |       |       |       |    16 |     3 |    13 |     1 ||    33
       Dart              |       |       |       |       |       |     1 |       ||     1
 Cast: Statue Form       |       |       |       |       |       |    14 |    13 ||    27
       Passage of Golubr |       |       |       |       |       |       |     2 ||     2
Invok: Call Merchant     |       |       |     1 |     3 |     4 |     4 |     3 ||    15
       Bribe Branch      |       |       |       |       |     1 |       |       ||     1
 Abil: End Transformatio |       |       |       |       |       |       |     1 ||     1
Evoke: Wand              |       |       |       |     7 |       |    16 |     1 ||    24
       Condenser vane    |       |       |       |       |     2 |     3 |     2 ||     7
  Use: Scroll            |     4 |       |       |     4 |     3 |     2 |     5 ||    18
       Potion            |       |       |     4 |     2 |     3 |    14 |    15 ||    38
 Stab: Held in net/web   |       |       |     1 |     2 |       |       |       ||     3
       Distracted        |       |       |       |     1 |     5 |     2 |       ||     8
       Betrayed ally     |       |       |       |       |     1 |       |       ||     1
Armor: Robe              |     3 |     2 |    12 |     2 |       |       |       ||    19
       Quicksilver drago |       |       |       |   105 |   162 |    58 |    11 ||   336
       Skin              |       |       |       |       |       |    35 |    20 ||    55
Dodge: Dodged            |     5 |     9 |    54 |   119 |   193 |   188 |    47 ||   615
Block: Tower shield      |       |       |       |       |   359 |   465 |   132 ||   956

Table legend: (Time is in decaauts)
 A = Elapsed time spent in this place.
 B = Non-inter-level travel time spent in this place.
 C = Inter-level travel time spent in this place.
 D = Time resting spent in this place.
 E = Time spent auto-exploring this place.
 F = Levels seen in this place.
 G = Mean time per level.
                   A        B        C        D        E       F      G
               +--------+--------+--------+--------+--------+-----+--------+
         Total |   8938 |   7926 |   1012 |   1147 |      0 |   1 | 8938.0 |
       Dungeon |   8938 |   7926 |   1012 |   1147 |      0 |   1 | 8938.0 |
               +--------+--------+--------+--------+--------+-----+--------+

Top non-repeatable levels by time:
       D: 8938 daAuts
